 Dungeon Crawl Stone Soup version 0.30-b1-2-g02819fbbbe (webtiles) character file.

Game seed: 8114864708368697142

740 LLlMATKO the Trooper (level 7, -1/63 HPs)
             Began as a Minotaur Berserker on Aug 28, 2023.
             Was a Believer of Trog.
             Killed by vampiric draining
             ... invoked by a vampire
              (14 damage)
             ... on level 4 of the Dungeon.
             The game lasted 00:03:31 (4034 turns).

LLlMATKO the Trooper (Minotaur Berserker)           Turns: 4034, Time: 00:03:31

Health: -1/63      AC: 12    Str: 28    XL:     7   Next: 46%
Magic:  0/15       EV: 10    Int:  4    God:    Trog [**....]
Gold:   174        SH:  4    Dex: 10    Spells: 6/6 levels left

rFire   . . .        D - +2 war axe (venom)
rCold   . . .        A - +0 buckler of the Invisible Knives {Will+ MP+9 Str+5 SInv}
rNeg    . . .        E - +0 chain mail
rPois   .            (helmet restricted)
rElec   .            w - +0 cloak
rCorr   .            (no gloves)
SInv    +            t - +0 pair of boots
Will    +....        o - amulet of guardian spirit Stlth
                     (no ring)
HPRegen 0.30/turn    (no ring)
MPRegen 0.14/turn

%: guardian spirit
@: on berserk cooldown, slowed, very slow
A: horns 2, retaliatory headbutt
a: Renounce Religion, Berserk, Trog's Hand


You were on level 4 of the Dungeon.
You worshipped Trog.
Trog was pleased with you.
You visited 1 branch of the dungeon, and saw 5 of its levels.

You collected 174 gold pieces.

Inventory:

Hand Weapons
 b - a +0 war axe
 p - a +0 scythe
 D - a +2 war axe of venom (weapon)
Missiles
 k - 16 poisoned darts (quivered)
 y - 2 atropa-tipped darts
Armour
 t - a +0 pair of boots (worn)
 w - a +0 cloak (worn)
 A - the +0 buckler of the Invisible Knives (worn) {Will+ MP+9 Str+5 SInv}
   (You found it on level 4 of the Dungeon)

   Str:       It affects your strength (+5).
   MP:        It affects your magic capacity (+9).
   SInv:      It lets you see invisible.
   Will:      It increases your willpower.
 E - a +0 chain mail (worn)
Jewellery
 o - an amulet of guardian spirit (around neck)
 s - a +6 ring of dexterity
Wands
 a - a wand of quicksilver (5)
Scrolls
 d - 2 scrolls of teleportation {unknown}
 f - a scroll of brand weapon {unknown}
 g - 3 scrolls of identify {unknown}
 h - a scroll of fear {unknown}
 i - 2 scrolls of immolation {unknown}
 m - 2 scrolls of noise {unknown}
 n - a scroll of vulnerability {unknown}
 r - a scroll of butterflies {unknown}
 B - a scroll of silence {unknown}
Potions
 c - a potion of degeneration {unknown}
 e - a potion of might {unknown}
 j - a potion of flight {unknown}
 l - 2 potions of invisibility {unknown}
 q - 2 potions of curing
 u - 2 potions of heal wounds {unknown}
 v - a potion of ambrosia {unknown}
 x - a potion of lignification {unknown}
 z - a potion of magic {unknown}
 C - 2 potions of resistance {unknown}


   Skills:
 + Level 6.0 Fighting
 + Level 6.0 Axes
 + Level 5.3 Armour
 + Level 4.7 Dodging
 + Level 2.1 Shields


You had 6 spell levels left.
You didn't know any spells.
Your spell library was empty.

Dungeon Overview and Level Annotations

Branches:
Dungeon (5/15)
 Temple: D:4-7

Altars:
Nemelex Xobeh


Innate Abilities, Weirdness & Mutations

You have a pair of horns on your head.
You reflexively headbutt those who attack you in melee.


Message History

The vampire is severely damaged.
The vampire hits you but does no damage.
The vampire bites you.
The vampire draws strength from your injuries!
The vampire closely misses you. The vampire barely misses you.
Unknown command.
You hit the vampire but do no damage. Your headbutt misses the vampire.
The vampire is severely damaged.
Your attacks no longer feel as feeble.
The vampire hits you but does no damage.
The vampire bites you.
The vampire draws strength from your injuries!
The vampire hits you but does no damage.
You block the vampire's attack.
You hit the vampire but do no damage.
You headbutt the vampire, but do no damage.
The vampire is heavily damaged.
The vampire hits you but does no damage.
The vampire barely misses you.
Unknown command.
You slash the vampire!
The vampire is almost destroyed.
The vampire draws life force from you.
The vampire is healed by the life force!
The vampire closely misses you. x2
Unknown command.
You hit the vampire.
The vampire is almost destroyed.
The vampire barely misses you. You block the vampire's attack.
The vampire hits you!
* * * LOW HITPOINT WARNING * * *
The vampire misses you.
Unknown command.
Aiming: Quicksilver Bolt
Press: ? - help, Shift-Dir - straight line, f - vampire
Aim: a vampire (almost destroyed, slightly transparent, 71% to hit)
The bolt of dispelling energy misses the vampire.
The vampire casts a spell at you. You resist with almost no effort.
The vampire draws life force from you!
You die...

##..## # ##..## ##
##..#### ###.
#.....#### ###...
#........######....#
##....#............##
#.>........#######..#
#....V...### #..#
#..)@.....# ##.#
##.........## #..
##...........## #..
##.<...........# ##.
#####..............##
#)
#..#................#
#.
###.................#
###.
##..................#
##...
##:..)..#............#
#....


You could see a vampire (invisible).

Vanquished Creatures
  Sigmund (D:2)
  A water moccasin (D:5)
  3 killer bees (D:5)
  A gnoll bouda (D:4)
  An orc priest (D:4)
  A hound (D:5)
  A jelly (D:4)
  Jessica (D:3)
  An iguana (D:3)
  Ijyb (D:3)
  2 orc wizards (D:4)
  2 adders (D:2)
  A worm (D:2)
  2 dart slugs
  8 orcs
  3 endoplasms
  3 giant cockroaches
  7 goblins
  11 hobgoblins
  2 jackals (D:2)
  8 kobolds
  5 quokkas
  3 ball pythons
  3 bats (D:1)
  5 frilled lizards
  9 rats
86 creatures vanquished.

Notes
Turn   | Place    | Note
-------+----------+-------------------------------------------
     0 | D:1      | LLlMATKO the Minotaur Berserker began the quest for the
                  | Orb.
     0 | D:1      | Reached XP level 1. HP: 19/19 MP: 0/0
   216 | D:1      | Reached XP level 2. HP: 27/27 MP: 1/1
   571 | D:1      | Reached ** piety under Trog
   573 | D:1      | Found a faded altar of an unknown god.
   575 | D:1      | Reached XP level 3. HP: 24/33 MP: 2/2
  1470 | D:2      | Noticed Sigmund
  1491 | D:2      | Killed Sigmund
  1492 | D:2      | Reached skill level 5 in Fighting
  1492 | D:2      | Reached XP level 4. HP: 36/42 MP: 1/3
  1492 | D:2      | Reached XP level 5. HP: 41/48 MP: 1/4
  1794 | D:2      | Reached skill level 5 in Axes
  2290 | D:3      | Noticed Ijyb
  2318 | D:3      | Killed Ijyb
  2337 | D:3      | Reached XP level 6. HP: 45/56 MP: 5/5
  2875 | D:3      | Noticed Jessica
  2879 | D:3      | Killed Jessica
  3357 | D:4      | Identified the +0 buckler of the Invisible Knives {Will+
                  | MP+9 Str+5 SInv}
  3935 | D:5      | Entered Level 5 of the Dungeon
  3935 | D:5      | Noticed a water moccasin
  3938 | D:5      | Reached skill level 1 in Shields
  3939 | D:5      | Reached skill level 5 in Armour
  3939 | D:5      | Reached XP level 7. HP: 62/62 MP: 6/6
  4002 | D:5      | Found a sparkling altar of Nemelex Xobeh.
  4002 | D:5      | Noticed a vampire
  4034 | D:4      | Killed from afar by a vampire

Illustrated notes

Levels and vault maps discovered:
D:1:      lightli_arrival_maybe_door_vault, layout_basic,
          chequers_ecumenical_altar_simple_redux,
          hangedman_abyss_or_decor_stabs, minmay_curled_crystal,
          hangedman_decor_clover_reticule
D:2:      layout_basic, serial_curves, eino_curves_03, eino_curves_01,
          uniq_sigmund
D:3:      layout_basic, corexii_shack, uniq_ijyb, uniq_jessica
D:4:      layout_cave_pods, minivault_25, nicolae_nh_ransacked_shop
D:5:      layout_rooms, hangedman_feature_mirror, uniq_menkaure,
          uniq_blork_the_orc, uniq_edmund

Skill      XL: |  1  2  3  4  5  6  7 |
---------------+----------------------+-----
Axes           | 4 5 6 |  6.0
Fighting       | 4 5 6 |  6.0
Armour         | 3 4 5 |  5.3
Dodging        | 3 4 |  4.7
Shields        | 1 2 |  2.1

Action                     |  1- 3 |  4- 6 |  7- 9 || total
---------------------------+-------+-------+-------++-------
  Melee: Hand axe          |    94 |    63 |       ||   157
         Headbutt          |    12 |    11 |     4 ||    27
         Punch             |     1 |       |       ||     1
         War axe           |       |    29 |    30 ||    59
 Invoke: Berserk           |     1 |     3 |     1 ||     5
  Evoke: Wand              |       |       |     1 ||     1
 Armour: Animal skin       |    13 |    11 |       ||    24
         Chain mail        |       |     6 |    13 ||    19
         Ring mail         |       |     6 |       ||     6
         Leather armour    |       |     1 |       ||     1
  Dodge: Dodged            |    46 |    49 |    30 ||   125
  Block: Buckler           |       |     1 |     8 ||     9
